 Dungeon Crawl Stone Soup version 0.23.2-40-g277498a001 (webtiles) character file.

Game seed: 11926231512130258694

343 Ivernyr the Digger (level 6, 0/49 HPs)
             Began as a Deep Dwarf Earth Elementalist on Oct 8, 2019.
             Shot with an arrow by a centaur (2 damage)
             ... on level 5 of the Dungeon.
             The game lasted 00:16:15 (4720 turns).

Ivernyr the Digger (Deep Dwarf Earth Elementalist)  Turns: 4720, Time: 00:16:16

Health: 0/49       AC:  5    Str: 11    XL:     6   Next: 31%
Magic:  9/10       EV: 13    Int: 18    God:
Gold:   264        SH:  0    Dex: 13    Spells: 5/11 levels left

rFire    . . .     SeeInvis .   a - +0 whip
rCold    . . .     Gourm    .   (no shield)
rNeg     . . .     Faith    .   c - +0 robe
rPois    .         Spirit   .   p - +1 helmet
rElec    .         Reflect  .   (no cloak)
rCorr    .         Harm     .   (no gloves)
MR       .....                  w - +0 pair of boots
Stlth    ++........             (no amulet)
HPRegen  0.00/turn              (no ring)
MPRegen  0.12/turn              (no ring)

@: non-regenerating
A: damage resistance, heal wounds, sense surroundings 1, no regeneration
a: Heal Wounds


You were on level 5 of the Dungeon.
You were not hungry.

You visited 1 branch of the dungeon, and saw 5 of its levels.

You collected 264 gold pieces.

Inventory:

Hand Weapons
 a - a +0 whip (weapon)
Missiles
 b - 179 stones (quivered)
Armour
 c - a +0 robe (worn)
 p - a +1 helmet (worn)
 w - a +0 pair of boots (worn)
Scrolls
 f - 4 scrolls of identify
 g - 2 scrolls of remove curse
 h - a scroll of fog
 k - a scroll of random uselessness {unknown}
 l - a scroll of immolation {unknown}
 n - 4 scrolls of teleportation
 q - 2 scrolls of noise {unknown}
 r - 3 scrolls of enchant armour {unknown}
 u - a scroll of fear {unknown}
 v - a scroll of magic mapping {unknown}
Potions
 e - a potion of degeneration {unknown}
 i - a potion of invisibility {unknown}
 j - a potion of heal wounds {unknown}
 m - a potion of flight {unknown}
 o - a potion of haste {unknown}
 s - a potion of agility {unknown}
 t - a potion of might {unknown}
Comestibles
 d - 9 rations


   Skills:
 + Level 2.3 Armour
 - Level 3.1 Dodging
 - Level 2.4 Stealth
 + Level 3.1 Spellcasting
 - Level 0.8 Transmutations
 * Level 7.2 Earth Magic


You had 5 spell levels left.
You knew the following spells:

 Your Spells              Type           Power        Failure   Level  Hunger
a - Sandblast             Erth           ####..       1%          1    None
b - Passwall              Tmut/Erth      ###.....     4%          2    ##.....
c - Stone Arrow           Conj/Erth      ###...       11%         3    ###....

Your spell library contained the following spells:

 Spells                   Type           Power        Failure   Level  Hunger
 Lee's Rapid Deconstruct  Erth           ####......   22%         5    ######.
 Petrify                  Tmut/Erth      ###.....     30%         4    ####...


Dungeon Overview and Level Annotations

Branches:
Dungeon (5/15)
 Temple: D:4-7

Altars:
Vehumet
Yredelemnul
The Shining One


Innate Abilities, Weirdness & Mutations

You are resistant to damage.
You can heal yourself by infusing magical energy.
You passively map a small area around you.
You do not regenerate.


Message History

You hear the slow hiss of a distant avalanche of sand.
A centaur comes into view.
Found 14 gold pieces.
A centaur is nearby!
The centaur wields a +0 shortbow.
The centaur shoots an arrow.
The arrow closely misses you.
Found a stone staircase leading down.
You see here an arrow.
Casting: Stone Arrow (safe; 11% risk of failure)
Confirm with . or Enter, or press ? or * to list all spells.
Aiming: Sandblast (safe; 1% risk of failure)
Press: ? - help, Shift-Dir - straight line, f - centaur
Aim: a centaur, wielding a +0 shortbow The blast of sand misses the centaur.
b - 179 stones The centaur shoots an arrow.
The arrow completely misses you.
The centaur shoots an arrow.
The arrow hits you!
* * * LOW HITPOINT WARNING * * *
You fail to use your ability.
The centaur shoots an arrow.
The arrow hits you.
You die...

#...# .... #...##
##...... ,
#....###.....$. *
#..........##.. *
###.##..........#
#...###...##....#
#.#..#.รท.## ..#
* * #..#....##
##.## , ##.....##
##.@.# * ,
##+#.## ##...#.c#
* + +..#####..###
.... , *
#...##...## *
.>.., ,
*#...#.....## ...
, * #####.....# *
,,.. #..##..# *,,
. #.####..# , ,
#..* ##... , , ,


You could see a centaur.

Vanquished Creatures
  A scorpion (D:3)
  A hound (D:4)
  An iguana (D:3)
  Robin (D:2)
  10 adders
  A howler monkey skeleton (D:4)
  3 worms
  5 dart slugs
  7 leopard geckos
  4 orcs (D:3)
  7 giant cockroaches
  13 goblins
  13 hobgoblins
  8 jackals
  2 quokkas (D:2)
  6 bats
  6 frilled lizards
  8 kobolds
  5 rats
102 creatures vanquished.

Vanquished Creatures (others)
  A leopard gecko (D:3)
1 creature vanquished.

Grand Total: 103 creatures vanquished

Notes
Turn   | Place    | Note
-------+----------+-------------------------------------------
     0 | D:1      | Ivernyr the Deep Dwarf Earth Elementalist began the quest
                  | for the Orb.
     0 | D:1      | Reached XP level 1. HP: 15/15 MP: 3/3
   295 | D:1      | Reached XP level 2. HP: 13/22 MP: 1/4
   299 | D:1      | Learned a level 2 spell: Passwall
   867 | D:2      | Reached XP level 3. HP: 16/28 MP: 2/6
   885 | D:2      | Reached skill level 5 in Earth Magic
  1024 | D:2      | Learned a level 3 spell: Stone Arrow
  1294 | D:2      | Noticed Robin
  1355 | D:2      | Killed Robin
  1355 | D:2      | Reached XP level 4. HP: 33/36 MP: 0/7
  1583 | D:2      | Found a faded altar of an unknown god.
  2047 | D:3      | Reached skill level 6 in Earth Magic
  2360 | D:3      | Reached skill level 1 in Armour
  2360 | D:3      | Reached XP level 5. HP: 24/42 MP: 0/9
  2681 | D:3      | Found a radiant altar of Vehumet.
  3671 | D:3      | Reached skill level 7 in Earth Magic
  3671 | D:3      | Reached XP level 6. HP: 17/49 MP: 6/10
  3845 | D:4      | Found a glowing golden altar of the Shining One.
  4608 | D:5      | Entered Level 5 of the Dungeon
  4640 | D:5      | Found a basalt altar of Yredelemnul.
  4719 | D:5      | HP: 2/49 [centaur/arrow (15)]
  4720 | D:5      | Shot with an arrow by a centaur

Skill      XL: |  1  2  3  4  5 |
---------------+----------------+-----
Spellcasting   | 2 3 |  3.1
Earth Magic    | 5 6 7 |  7.2
Dodging        | 3 |  3.1
Armour         | 1 2 |  2.3
Stealth        | |  2.4
Transmutations | |  0.8

Action                   |  1- 3 |  4- 6 || total
-------------------------+-------+-------++-------
Melee: Dagger            |    25 |       ||    25
       Whip              |       |    42 ||    42
 Cast: Sandblast         |    44 |    51 ||    95
       Stone Arrow       |     1 |    33 ||    34
 Abil: Heal Wounds       |     1 |       ||     1
  Use: Scroll            |       |     5 ||     5
 Stab: Sleeping          |     1 |     1 ||     2
  Eat: Chunk             |     2 |    15 ||    17
Armor: Robe              |     7 |    19 ||    26
Dodge: Dodged            |    29 |    47 ||    76
